 Dungeon Crawl Stone Soup version 0.21.0-25-ge575cb9 (webtiles) character file.

8322 Lovchig the Cleaver (level 11, -3/99 HPs)
             Began as a Deep Dwarf Fighter on Jan 24, 2018.
             Was a Believer of Makhleb.
             Slain by a two-headed ogre
             ... wielding a +0 giant club
              (7 damage)
             ... on level 11 of the Dungeon.
             The game lasted 00:27:10 (7728 turns).

Lovchig the Cleaver (Deep Dwarf Fighter)            Turns: 7728, Time: 00:27:11

Health: -3/99      AC: 19    Str: 32    XL:     11   Next: 8%
Magic:  0/0        EV: 10    Int:  8    God:    Makhleb [**....]
Gold:   256        SH: 19    Dex: 10    Spells: 10/10 levels left

rFire    . . .     SeeInvis .   a - +1 war axe
rCold    + . .     Gourm    .   y - +0 large shield
rNeg     . . .     Faith    .   z - +0 plate armour
rPois    +         Spirit   +   i - +0 helmet
rElec    .         Reflect  .   o - scarf {Spirit}
rCorr    .         Harm     .   p - +2 pair of gloves {Str+3}
MR       +....                  m - +0 pair of boots {Fly}
Stlth    ..........             (no amulet)
HPRegen  0.00/turn              l - ring of protection from cold
MPRegen  0.07/turn              t - +1 ring of evasion

@: mighty, flying, non-regenerating
A: damage resistance, heal wounds, repulsion field 1, clumsy 1, sense
surroundings 2, poison resistance, no regeneration
a: Heal Wounds, Minor Destruction, Renounce Religion, Stop Flying


You were on level 11 of the Dungeon.
You worshipped Makhleb.
Makhleb was pleased with you.
You were not hungry.

You visited 2 branches of the dungeon, and saw 12 of its levels.

You collected 718 gold pieces.
You spent 462 gold pieces at shops.

Inventory:

Hand Weapons
 a - a +1 war axe (weapon)
Armour
 i - a +0 helmet (worn)
 m - a +0 pair of boots of flying (worn)
 o - a scarf of spirit shield (worn)
 p - a +2 pair of gloves of strength (worn)
 y - a +0 large shield (worn)
 z - a +0 plate armour (worn)
Jewellery
 l - a ring of protection from cold (left hand)
 n - an uncursed amulet of the gourmand {unknown}
 t - a +1 ring of evasion (right hand)
Wands
 c - a wand of acid (8)
 r - a wand of flame (74)
 v - a wand of enslavement (14)
 x - a wand of random effects (53)
 A - a wand of digging (26)
Scrolls
 b - 7 scrolls of teleportation
 s - 6 scrolls of amnesia
 w - a scroll of remove curse
 G - a scroll of enchant armour {unknown}
Potions
 e - 2 potions of cancellation
 g - 2 potions of magic
 h - 5 potions of curing
 j - 3 potions of lignification
 k - a potion of heal wounds
 q - 3 potions of haste
 B - 4 potions of flight
 D - a potion of agility
 F - a potion of resistance {unknown}
Comestibles
 f - 17 rations


   Skills:
 * Level 6.5 Fighting
 * Level 12.0 Axes
 * Level 7.8 Armour
 * Level 6.1 Dodging
 * Level 9.1 Shields


You had 10 spell levels left.
You didn't know any spells.

Dungeon Overview and Level Annotations

Branches:
Dungeon (11/15)            Temple (1/1) D:6            Lair (0/6) D:8
    Orc (0/2) D:10

Altars:
Ashenzari
Cheibriados
Dithmenos
Elyvilon
Fedhas
Gozag
Hepliaklqana
Kikubaaqudgha
Makhleb
Nemelex Xobeh
Okawaru
Qazlal
Ru
Sif Muna
Trog
Uskayaw
Vehumet
Wu Jian
Xom
Yredelemnul
Zin
The Shining One

Shops:
D:4 %   D:9 [   D:10 ([(


Innate Abilities, Weirdness & Mutations

You are resistant to damage.
You can heal yourself by infusing magical energy.
You passively map the area around you.
You do not regenerate.
You are surrounded by a mild repulsion field. (EV +2)
You are clumsy. (Dex -2)
Your system is resistant to poisons. (rPois)


Message History

The two-headed ogre hits you but does no damage.
You hit the two-headed ogre.
The two-headed ogre is lightly wounded.
You block the two-headed ogre's attack.
The two-headed ogre hits you with a giant club!
* * * LOW HITPOINT WARNING * * *
You hit the two-headed ogre.
The two-headed ogre is lightly wounded.
You block the two-headed ogre's attack. x2
You slice the two-headed ogre!!
The two-headed ogre is heavily wounded.
You closely miss the two-headed ogre.
The two-headed ogre is heavily wounded.
The two-headed ogre barely misses you.
The two-headed ogre hits you with a giant club.
* * * LOW HITPOINT WARNING * * *
You slash the two-headed ogre!
The two-headed ogre is severely wounded.
The two-headed ogre hits you with a giant club!
You die...

.....# .....#
..†..########
.##.....#...#
.######.....# .#
##....# .# #....###
.# #......##### .#
#####...#o.O@.#* .#
#.......#.###......#
** .# ##......#.#*
#####.# .#
###....#.. * * .#
#...##.. , * .#
#...##..., ,,,, *
,,* * .# ##..##...
** , * =# #..... , *
* * .#### ##.. ,


You could see a two-headed ogre and an orc.

Vanquished Creatures
  A two-headed ogre (D:11)
  An unseen horror (D:10)
  Pikel (D:6)
  3 ugly things
  Grinder (D:3)
  Prince Ribbit (D:7)
  3 hippogriffs
  Sigmund (D:6)
  A vampire (D:11)
  Eustachio (D:4)
  A hungry ghost (D:11)
  Menkaure (D:6)
  A water moccasin (D:9)
  2 orc warriors (D:10)
  Duvessa (D:6)
  An ice beast (D:9)
  A necrophage (D:8)
  3 phantoms
  4 ogres
  3 centaurs
  A big kobold (D:4)
  Blork the orc (D:6)
  4 bullfrogs
  A water moccasin zombie (D:7)
  2 scorpions
  Dowan (D:6)
  4 killer bees (D:9)
  3 wights (D:10)
  A howler monkey (D:10)
  2 bullfrog zombies (D:5)
  A centaur zombie (D:7)
  4 crimson imps
  3 jellies
  2 centaur skeletons
  6 hounds
  12 orc wizards
  10 orc priests
  Ijyb (D:3)
  2 iguanas
  4 worker ants
  A hound zombie (D:5)
  A hound skeleton (D:2)
  2 worker ant zombies
  Robin (D:3)
  4 adders
  8 gnolls
  An ooze (D:3)
  An adder zombie (D:2)
  An adder skeleton (D:2)
  7 leopard geckos
  58 orcs
  2 bat skeletons (D:2)
  A bat zombie (D:2)
  6 giant cockroaches
  8 hobgoblins
  15 jackals
  7 quokkas
  A ball python (D:2)
  5 bats
  5 frilled lizards
  9 goblins
  5 kobolds
  A leopard gecko skeleton (D:2)
  3 quokka skeletons
  A quokka zombie (D:7)
  7 rats
258 creatures vanquished.

Vanquished Creatures (others)
  A worker ant (D:9)
  A quokka (D:11)
2 creatures vanquished.

Grand Total: 260 creatures vanquished

Notes
Turn   | Place    | Note
-------+----------+-------------------------------------------
     0 | D:1      | Lovchig the Deep Dwarf Fighter began the quest for the Orb.
     0 | D:1      | Reached XP level 1. HP: 20/20 MP: 1/1
   165 | D:1      | Reached XP level 2. HP: 27/27 MP: 2/2
   518 | D:1      | Reached XP level 3. HP: 31/34 MP: 3/3
   616 | D:2      | Reached skill level 1 in Dodging
   664 | D:2      | Found a bloodstained altar of Trog.
   694 | D:2      | Reached skill level 3 in Axes
  1207 | D:3      | Reached XP level 4. HP: 37/42 MP: 4/4
  1291 | D:3      | Noticed Grinder
  1305 | D:3      | Paralysed by Grinder for 6 turns
  1325 | D:3      | Paralysed by Grinder for 6 turns
  1351 | D:3      | Paralysed by Grinder for 3 turns
  1356 | D:3      | Killed Grinder
  1356 | D:3      | Reached skill level 4 in Axes
  1356 | D:3      | Reached XP level 5. HP: 45/49 MP: 4/4
  1356 | D:3      | Reached XP level 6. HP: 51/56 MP: 5/5
  1505 | D:3      | Noticed Robin
  1523 | D:3      | Killed Robin
  1695 | D:3      | Reached skill level 5 in Axes
  1864 | D:4      | Reached XP level 7. HP: 39/63 MP: 6/6
  1903 | D:4      | Reached skill level 6 in Axes
  1965 | D:3      | Noticed Ijyb
  1970 | D:3      | Killed Ijyb
  2255 | D:4      | Reached skill level 5 in Armour
  2283 | D:4      | Reached skill level 5 in Shields
  2368 | D:4      | Found Xuicaput's Food Shoppe.
  2369 | D:4      | Noticed Eustachio
  2391 | D:4      | Killed Eustachio
  2441 | D:4      | Reached XP level 8. HP: 51/72 MP: 6/6
  2512 | D:4      | Reached skill level 7 in Axes
  2802 | D:4      | Found a hazy altar of Hepliaklqana.
  2807 | D:4      | Found an iron altar of Okawaru.
  2810 | D:4      | Found an ornate altar of the Wu Jian Council.
  2846 | D:5      | Entered Level 5 of the Dungeon
  3007 | D:5      | Found a deep blue altar of Sif Muna.
  3182 | D:5      | Reached skill level 8 in Axes
  3722 | D:6      | Noticed Menkaure
  3727 | D:6      | Killed Menkaure
  3757 | D:6      | Noticed Blork the orc
  3765 | D:6      | Gained mutation: You passively map the area around you. [Deep Dwarf growth]
  3765 | D:6      | Reached XP level 9. HP: 74/80 MP: 0/7
  3772 | D:6      | Killed Blork the orc
  3791 | D:6      | Found a staircase to the Ecumenical Temple.
  3813 | Temple   | Entered the Ecumenical Temple
  3922 | Temple   | Became a worshipper of Makhleb the Destroyer
  3941 | D:6      | Noticed Dowan
  3950 | D:6      | Killed Dowan
  3950 | D:6      | Reached skill level 9 in Axes
  3951 | D:6      | Noticed Duvessa
  3954 | D:6      | Reached skill level 5 in Fighting
  3973 | D:6      | Killed Duvessa
  4088 | D:6      | You fall through a shaft!
  4098 | D:7      | Noticed a white ugly thing
  4122 | D:7      | Killed a white ugly thing
  4297 | D:7      | Noticed Prince Ribbit
  4308 | D:7      | Reached * piety under Makhleb
  4308 | D:7      | Reached skill level 10 in Axes
  4322 | D:7      | Killed Prince Ribbit
  4425 | D:6      | Noticed Sigmund
  4432 | D:6      | Killed Sigmund
  4570 | D:6      | Noticed Pikel
  4583 | D:6      | Killed Pikel
  4583 | D:6      | Reached skill level 5 in Dodging
  4583 | D:6      | Reached XP level 10. HP: 49/91 MP: 0/5
  5290 | D:8      | Found a staircase to the Lair.
  5321 | D:8      | Found a basalt altar of Yredelemnul.
  5710 | D:8      | Found a sparkling altar of Nemelex Xobeh.
  5858 | D:9      | Found Zeprut's Armour Shoppe.
  5866 | D:9      | Reached skill level 11 in Axes
  5881 | D:9      | Bought a +0 pair of boots of flying for 161 gold pieces
  5881 | D:9      | Bought a +2 pair of gloves of strength for 301 gold pieces
  6767 | D:10     | Entered Level 10 of the Dungeon
  6826 | D:10     | Found Siejeng Hixe's Armour Boutique.
  6827 | D:10     | Found a staircase to the Orcish Mines.
  6835 | D:10     | Found Aciuveh's Weapon Boutique.
  6837 | D:10     | Killed an unseen horror
  6968 | D:10     | Found Jotanol's Antique Weapon Emporium.
  6974 | D:10     | Reached ** piety under Makhleb
  7154 | D:10     | Noticed a purple ugly thing
  7164 | D:10     | Killed a purple ugly thing
  7522 | D:10     | Gained mutation: Your body sometimes deteriorates upon taking damage. [potion of mutation]
  7522 | D:10     | Gained mutation: Your mind is acute. (Int +2) [potion of mutation]
  7522 | D:10     | Gained mutation: Your system is resistant to poisons. (rPois) [potion of mutation]
  7522 | D:10     | Gained mutation: You are resistant to hostile enchantments. (MR+) [potion of mutation]
  7523 | D:10     | Lost mutation: Your mind is acute. (Int +2) [potion of mutation]
  7523 | D:10     | Lost mutation: Your body sometimes deteriorates upon taking damage. [potion of mutation]
  7523 | D:10     | Lost mutation: You are resistant to hostile enchantments. (MR+) [potion of mutation]
  7523 | D:10     | Gained mutation: You are clumsy. (Dex -2) [potion of mutation]
  7523 | D:10     | Gained mutation: You are surrounded by a mild repulsion field. (EV +2) [potion of mutation]
  7636 | D:11     | Noticed a brown ugly thing
  7672 | D:11     | Killed a brown ugly thing
  7672 | D:11     | Reached XP level 11. HP: 45/99 MP: 0/3
  7692 | D:11     | Noticed a two-headed ogre
  7694 | D:11     | Noticed a two-headed ogre
  7722 | D:11     | Killed a two-headed ogre
  7722 | D:11     | Reached skill level 12 in Axes
  7727 | D:11     | HP: 4/99 [two-headed ogre/giant club (2)]
  7728 | D:11     | Slain by a two-headed ogre

Skill      XL: |  1  2  3  4  5  6  7  8  9 10 11 |
---------------+----------------------------------+-----
Fighting       | 3 4 5 6 |  6.5
Dodging        | 1 2 3 5 6 |  6.1
Axes           | 3 4 5 6 8 10 11 12 | 12.0
Shields        | 4 5 6 7 9 |  9.1
Armour         | 4 5 6 7 |  7.8

Action                   |  1- 3 |  4- 6 |  7- 9 | 10-12 || total
-------------------------+-------+-------+-------+-------++-------
Melee: War axe           |   140 |   120 |   376 |   401 ||  1037
 Abil: Heal Wounds       |       |     3 |    13 |    18 ||    34
  Use: Scroll            |     6 |     1 |     4 |    12 ||    23
       Potion            |       |       |     1 |     3 ||     4
  Eat: Chunk             |     1 |     3 |     9 |    10 ||    23
       Ration            |       |       |       |     1 ||     1
Armor: Scale mail        |    85 |    36 |       |       ||   121
       Chain mail        |       |    40 |   199 |    48 ||   287
       Plate armour      |       |       |       |   118 ||   118
Dodge: Dodged            |    60 |    28 |   128 |    78 ||   294
Block: Shield            |    81 |    72 |   195 |       ||   348
       Large shield      |       |       |    49 |   372 ||   421
